[ AOE2 MATCH · #481207992 ]
1v1 EWWei vs Armenians
Player's team · LOSS
Rival team · WIN
[ REPLAY ANALYSIS · EXTRACTED FROM THE RECORDED GAME ]
Feudal
—
Castle
—
Imperial
—
| APM avg | 21.7 |
| APM peak | 55 |
| eAPM avg | 9.3 |
| Villagers / military | 39 / 22 |
Focus
⚔️ 20.8% · 🌾 79.2%
Archer ×20 · Spearman ×2 · Fishing Ship ×1
Feudal
—
Castle
10:21
Imperial
34:42
| APM avg | 40.3 |
| APM peak | 73 |
| eAPM avg | 25.6 |
| Villagers / military | 112 / 69 |
Focus
⚔️ 27.3% · 🌾 72.7%
Militia ×61 · Mangonel ×5 · Warrior Priest ×2 · Scorpion ×1
Match map
Initial resources + every placement click. Lines = walls · curves = elevation contours. ◆ gold · ⬟ stone · ● berries · ✦ relic · ◌ wall gap
Your base· Open — 3t gap
athijuan's base· Open — unwalled flank
Smoothed initial terrain · ◌ = detected wall gap · hover for details
Inputs per minute
— VPs - - athijuan
Build order — VPs
131 actions detected in the replay
| 0:03 | Create | Villager (Male) |
| 0:04 | Create | Villager (Male) |
| 0:06 | Research | Double-Bit Axe |
| 0:31 | Build | Archery Range |
| 0:37 | Build | House |
| 0:39 | Create | Villager (Male) |
| 0:58 | Create | Villager (Male) |
| 1:16 | Build | Archery Range |
| 1:20 | Create | Archer |
| 1:20 | Create | Archer |
| 1:24 | Create | Villager (Male) |
| 1:44 | Create | Archer |
| 1:48 | Create | Spearman |
| 1:49 | Create | Spearman |
| 2:05 | Research | Gold Mining |
| 2:13 | Create | Archer |
| 2:14 | Create | Archer |
| 2:14 | Create | Archer |
| 2:35 | Build | House |
| 2:43 | Build | House |
| 2:46 | Build | House |
| 2:50 | Build | House |
| 2:52 | Build | House |
| 2:55 | Build | House |
| 2:57 | Create | Archer |
| 2:57 | Create | Archer |
| 3:01 | Build | House |
| 3:17 | Create | Villager (Male) |
| 3:18 | Create | Villager (Male) |
| 3:42 | Build | House |
| 3:44 | Build | House |
| 3:45 | Build | House |
| 3:49 | Build | Palisade Wall |
| 3:59 | Create | Archer |
| 4:12 | Create | Archer |
| 4:18 | Build | Farm |
| 4:18 | Build | Farm |
| 4:18 | Build | Farm |
| 4:18 | Build | Farm |
| 4:19 | Build | Farm |
| 4:33 | Research | Fletching |
| 4:39 | Build | House |
| 4:45 | Build | House |
| 4:47 | Build | Palisade Wall |
| 4:50 | Build | House |
| 4:52 | Build | House |
| 4:55 | Build | House |
| 4:59 | Build | House |
| 5:07 | Create | Archer |
| 5:10 | Build | House |
| 5:36 | Build | Mining Camp |
| 5:43 | Create | Villager (Male) |
| 5:50 | Build | House |
| 6:04 | Build | Lumber Camp |
| 6:07 | Create | Archer |
| 6:13 | Build | Farm |
| 6:14 | Create | Villager (Male) |
| 6:38 | Build | House |
| 6:51 | Build | House |
| 6:55 | Build | House |
| 6:59 | Build | House |
| 7:21 | Create | Villager (Male) |
| 7:42 | Create | Villager (Male) |
| 7:55 | Create | Archer |
| 8:12 | Create | Villager (Male) |
| 8:15 | Build | House |
| 8:24 | Build | Farm |
| 8:36 | Create | Villager (Male) |
| 9:07 | Create | Archer |
| 9:32 | Build | House |
| 9:44 | Create | Archer |
| 9:44 | Create | Archer |
| 10:15 | Create | Archer |
| 10:19 | Build | Archery Range |
| 10:23 | Build | Stable |
| 11:04 | Create | Archer |
| 11:05 | Create | Archer |
| 11:05 | Create | Archer |
| 15:23 | Build | Mining Camp |
| 17:02 | Build | Town Center |
| 18:46 | Create | Villager (Male) |
| 18:46 | Create | Villager (Male) |
| 18:47 | Create | Villager (Male) |
| 18:47 | Create | Villager (Male) |
| 18:47 | Create | Villager (Male) |
| 18:48 | Create | Villager (Male) |
| 18:48 | Create | Villager (Male) |
| 18:48 | Create | Villager (Male) |
| 18:49 | Create | Villager (Male) |
| 18:49 | Create | Villager (Male) |
| 18:49 | Create | Villager (Male) |
| 18:49 | Create | Villager (Male) |
| 19:20 | Build | Market |
| 22:23 | Build | Town Center |
| 23:18 | Create | Villager (Male) |
| 23:18 | Create | Villager (Male) |
| 23:19 | Create | Villager (Male) |
| 23:19 | Create | Villager (Male) |
| 23:19 | Create | Villager (Male) |
| 24:06 | Build | Market |
| 25:27 | Build | Mill |
| 27:45 | Build | Lumber Camp |
| 27:55 | Create | Villager (Male) |
| 27:56 | Create | Villager (Male) |
| 27:56 | Create | Villager (Male) |
| 28:32 | Build | House |
| 29:07 | Create | Villager (Male) |
| 29:08 | Create | Villager (Male) |
| 30:39 | Build | Lumber Camp |
| 30:51 | Create | Villager (Male) |
| 30:52 | Create | Villager (Male) |
| 30:52 | Create | Villager (Male) |
| 30:52 | Create | Villager (Male) |
| 31:46 | Build | House |
| 32:15 | Build | House |
| 32:18 | Build | House |
| 32:23 | Build | House |
| 32:44 | Build | Lumber Camp |
| 33:17 | Build | Dock |
| 33:55 | Build | Lumber Camp |
| 34:00 | Create | Fishing Ship |
| 34:14 | Build | House |
| 34:16 | Build | House |
| 37:06 | Build | Dock |
| 37:41 | Build | Dock |
| 37:54 | Build | Lumber Camp |
| 38:10 | Build | Mining Camp |
| 38:55 | Build | Mining Camp |
| 39:03 | Build | Mining Camp |
| 39:17 | Build | Lumber Camp |
| 40:31 | Build | Town Center |
Build order — athijuan
First 150 of 354 actions detected
| 0:05 | Research | Man-at-Arms (upgrade) |
| 0:08 | Build | Barracks |
| 0:23 | Build | House |
| 0:36 | Create | Militia |
| 0:37 | Create | Militia |
| 1:14 | Create | Militia |
| 1:14 | Create | Militia |
| 1:15 | Create | Militia |
| 1:15 | Create | Militia |
| 1:15 | Create | Militia |
| 1:28 | Research | Long Swordsman (upgrade) |
| 1:42 | Build | House |
| 1:43 | Build | House |
| 1:58 | Create | Militia |
| 1:58 | Create | Militia |
| 2:25 | Research | Scale Mail Armor |
| 2:34 | Create | Militia |
| 2:34 | Create | Militia |
| 2:48 | Build | Watch Tower |
| 2:50 | Create | Militia |
| 2:51 | Create | Militia |
| 2:52 | Create | Militia |
| 2:53 | Create | Militia |
| 3:04 | Create | Militia |
| 3:04 | Create | Militia |
| 3:12 | Create | Militia |
| 3:12 | Create | Militia |
| 3:23 | Create | Militia |
| 3:23 | Create | Militia |
| 3:31 | Create | Villager (Male) |
| 3:41 | Create | Militia |
| 3:41 | Create | Militia |
| 3:57 | Build | Farm |
| 3:58 | Build | Farm |
| 3:58 | Build | Farm |
| 3:58 | Build | Farm |
| 3:58 | Build | Farm |
| 3:58 | Build | Farm |
| 3:59 | Build | Farm |
| 3:59 | Build | Farm |
| 4:37 | Build | Watch Tower |
| 5:03 | Research | Arson |
| 5:42 | Build | Palisade Wall |
| 5:42 | Build | Palisade Wall |
| 5:43 | Build | Palisade Wall |
| 5:58 | Build | Mule Cart |
| 7:02 | Build | Market |
| 7:41 | Research | Castle Age |
| 7:41 | Research | Castle Age |
| 7:47 | Create | Militia |
| 7:47 | Create | Militia |
| 7:48 | Create | Militia |
| 7:48 | Create | Militia |
| 8:01 | Create | Militia |
| 8:01 | Create | Militia |
| 8:01 | Create | Militia |
| 8:36 | Build | Farm |
| 8:36 | Build | Farm |
| 8:36 | Build | Farm |
| 8:37 | Build | Farm |
| 8:40 | Research | Double-Bit Axe |
| 10:21 | Age | Castle Age |
| 10:22 | Research | Two-Handed Swordsman (upgrade) |
| 10:23 | Research | Gambesons |
| 10:24 | Research | Squires |
| 10:27 | Build | Siege Workshop |
| 10:52 | Build | Palisade Wall |
| 10:56 | Create | Scorpion |
| 11:05 | Create | Militia |
| 11:05 | Create | Militia |
| 11:12 | Build | Monastery |
| 11:16 | Create | Militia |
| 11:16 | Create | Militia |
| 11:24 | Create | Militia |
| 11:25 | Create | Militia |
| 11:49 | Create | Militia |
| 11:49 | Create | Militia |
| 11:55 | Create | Militia |
| 11:55 | Create | Militia |
| 12:09 | Create | Villager (Male) |
| 12:09 | Create | Villager (Male) |
| 12:47 | Create | Mangonel |
| 12:56 | Create | Warrior Priest |
| 14:25 | Build | Mule Cart |
| 14:33 | Create | Militia |
| 14:33 | Create | Militia |
| 16:06 | Create | Mangonel |
| 16:07 | Create | Mangonel |
| 16:07 | Create | Mangonel |
| 16:16 | Create | Warrior Priest |
| 16:45 | Research | Town Watch |
| 17:00 | Create | Mangonel |
| 17:11 | Create | Militia |
| 17:11 | Create | Militia |
| 17:20 | Create | Militia |
| 17:20 | Create | Militia |
| 17:45 | Create | Militia |
| 17:45 | Create | Militia |
| 17:45 | Create | Militia |
| 18:11 | Create | Militia |
| 18:11 | Create | Militia |
| 18:12 | Create | Militia |
| 18:36 | Create | Militia |
| 18:36 | Create | Militia |
| 18:48 | Create | Militia |
| 18:48 | Create | Militia |
| 19:16 | Create | Militia |
| 19:16 | Create | Militia |
| 19:49 | Create | Villager (Male) |
| 19:49 | Create | Villager (Male) |
| 19:49 | Create | Villager (Male) |
| 19:58 | Build | Town Center |
| 20:32 | Create | Militia |
| 20:32 | Create | Militia |
| 20:32 | Create | Militia |
| 20:45 | Build | Outpost |
| 20:51 | Create | Villager (Male) |
| 20:51 | Create | Villager (Male) |
| 20:52 | Create | Villager (Male) |
| 20:53 | Build | Farm |
| 21:06 | Create | Villager (Male) |
| 21:07 | Create | Villager (Male) |
| 21:07 | Create | Villager (Male) |
| 21:07 | Create | Villager (Male) |
| 21:37 | Build | Farm |
| 21:39 | Build | Farm |
| 21:42 | Create | Villager (Male) |
| 21:42 | Create | Villager (Male) |
| 21:43 | Create | Villager (Male) |
| 21:49 | Build | Farm |
| 21:50 | Build | Farm |
| 21:53 | Create | Villager (Male) |
| 21:54 | Create | Villager (Male) |
| 21:54 | Create | Villager (Male) |
| 21:59 | Build | Farm |
| 22:25 | Build | Farm |
| 22:26 | Build | Farm |
| 22:29 | Create | Villager (Male) |
| 22:29 | Create | Villager (Male) |
| 22:29 | Create | Villager (Male) |
| 22:29 | Create | Villager (Male) |
| 22:33 | Build | Farm |
| 22:33 | Build | Farm |
| 22:33 | Build | Farm |
| 22:33 | Build | Farm |
| 22:33 | Build | Farm |
| 22:33 | Build | Farm |
| 22:37 | Build | House |
| 22:37 | Build | House |
| 22:37 | Build | House |
Match timeline
| 0:08 | athijuan · first_building Barracks |
| 0:31 | VPs · first_building Archery Range |
| 3:49 | VPs · wall_segment Palisade Wall x1 |
| 4:47 | VPs · wall_segment Palisade Wall x1 |
| 5:42 | athijuan · wall_segment Palisade Wall x1 |
| 5:42 | athijuan · wall_segment Palisade Wall x1 |
| 5:43 | athijuan · wall_segment Palisade Wall x1 |
| 10:21 | athijuan · age_up castle |
| 10:23 | VPs · first_building Stable |
| 10:27 | athijuan · first_building Siege Workshop |
| 10:52 | athijuan · wall_segment Palisade Wall x1 |
| 11:12 | athijuan · first_building Monastery |
| 12:07 | athijuan · first_market_sell 100 food |
| 14:07 | athijuan · first_market_buy 100 wood |
| 20:53 | VPs · first_market_buy 100 wood |
| 29:28 | athijuan · first_building Castle |
| 33:17 | VPs · first_building Dock |
| 34:42 | athijuan · age_up imperial |
| 35:52 | athijuan · wall_segment Stone Wall x3 |
| 35:56 | athijuan · wall_segment Stone Wall x8 |
| 40:48 | athijuan · wall_segment Stone Wall x1 |
| 40:51 | athijuan · wall_segment Stone Wall x7 |
| 41:17 | VPs · resign |
[ AI ANALYSIS · 1 CREDIT ]
What really happened in this match?
Wolo.gg analyzes every decision: build order, eco, micro, common mistakes by bracket. Personalized analysis on WhatsApp or Discord in 30 seconds.
Civ guide
Wei
Map guide
Thames
Perfil
VPs